 Dungeon Crawl Stone Soup version 0.24.0-123-gd5b16e6ec5 (webtiles) character file.

Game seed: 4322106165154313619, levelgen mode: deterministic

1762 FishyPogo the Covered (level 8, -9/64 HPs)
             Began as a Demonspawn Chaos Knight on Feb 10, 2020.
             Was a Plaything of Xom.
             Mangled by a hellwing (12 damage)
             ... summoned by Xom
             ... on level 7 of the Dungeon.
             The game lasted 00:15:49 (4541 turns).

FishyPogo the Covered (Demonspawn Chaos Knight)     Turns: 4541, Time: 00:15:50

Health: -9/64      AC:  9    Str: 15    XL:     8   Next: 79%
Magic:  8/8        EV: 12    Int: 11    God:    Xom [..*...]
Gold:   266        SH:  8    Dex: 16    Spells: 7/7 levels left

rFire    + . .     SeeInvis .   j - +3 flail
rCold    . . .     Gourm    .   (no shield)
rNeg     . . .     Faith    .   w - +3 leather armour {rF+}
rPois    .         Spirit   .   (no helmet)
rElec    .         Reflect  .   (no cloak)
rCorr    +         Harm     .   H - +1 pair of gloves {Dex+3}
MR       .....                  (no boots)
Stlth    ..........             (no amulet)
HPRegen  0.20/turn              d - ring of resist corrosion
MPRegen  0.11/turn              G - ring of attention (curse)

@: no status effects
A: talons 2, large bone plates 3, dopey 1
a: Renounce Religion


You were on level 7 of the Dungeon.
You worshipped Xom.
You were a toy of Xom.
You were not hungry.

You visited 1 branch of the dungeon, and saw 7 of its levels.

You collected 266 gold pieces.

Inventory:

Hand Weapons
 a - a +0 short sword of chaos
 j - a +3 flail (weapon)
Missiles
 f - 156 stones
 r - 14 poisoned darts (quivered)
 C - 3 boomerangs
 D - 15 sling bullets
Armour
 k - a +3 scale mail of fire resistance
 w - a +3 leather armour of fire resistance (worn)
 H - a +1 pair of gloves of dexterity (worn)
Jewellery
 d - a ring of resist corrosion (left hand)
 v - an uncursed ring of protection from cold
 G - a cursed ring of attention (right hand)
Wands
 B - a wand of acid (6)
 E - a wand of random effects (25)
Scrolls
 e - 4 scrolls of teleportation {unknown}
 h - 2 scrolls of enchant weapon {unknown}
 i - 2 scrolls of noise {unknown}
 l - a scroll of blinking
 q - 2 scrolls of amnesia {unknown}
 s - 15 scrolls of identify {unknown}
 t - a scroll of random uselessness
 u - 4 scrolls of enchant armour {unknown}
 y - a scroll of magic mapping
 F - 2 scrolls of remove curse
Potions
 b - 3 potions of heal wounds {unknown}
 g - 5 potions of flight {unknown}
 n - 2 potions of invisibility {unknown}
 o - 3 potions of lignification {unknown}
 p - a potion of haste {unknown}
 x - a potion of resistance {unknown}
 z - 4 potions of brilliance {unknown}
 A - 3 potions of curing
Comestibles
 c - 16 rations
 m - 6 chunks of flesh


   Skills:
 + Level 6.1 Fighting
 - Level 4.0 Short Blades
 + Level 4.9 Maces & Flails
 * Level 6.7 Armour
 - Level 2.2 Dodging
 - Level 0.2 Stealth


You had 7 spell levels left.
You didn't know any spells.
Your spell library contained the following spells:

 Spells                   Type           Power        Failure   Level  Hunger
 Confusing Touch          Hex            #.....       38%         1    ##.....
 Confuse                  Hex            #.......     77%         3    ####...
 Gell's Gravitas          Tloc           #.........   77%         3    ####...
 Petrify                  Tmut/Erth      #.......     99%         4    #####..
 Metabolic Englaciation   Hex/Ice        #.........   100%        5    ######.
 Yara's Violent Unravell  Hex/Tmut       #.........   100%        5    ######.


Dungeon Overview and Level Annotations

Branches:
Dungeon (7/15)             Temple (0/1) D:6

Altars:
Cheibriados
Gozag
Hepliaklqana
Sif Muna

Shops:
D:4 [   D:5 :

Annotations:
D:6 2 runed translucent doors, H0rd4k's ghost, novice HuAr


Innate Abilities, Weirdness & Mutations

You have razor-sharp toenails.
You are completely covered in large bone plates. (SH +8)
You are dopey. (Int -2)


Message History

You are now a toy of Xom.
The hellwing hits you!
* * * LOW HITPOINT WARNING * * *
The hellwing hits you.
* * * LOW HITPOINT WARNING * * *
Your iron imp misses the ufetubus.
Found a potion of curing.
The ufetubus hits you but does no damage.
You block the ufetubus's attack.
The ufetubus hits your iron imp but does no damage.
The ufetubus hits your iron imp.
Found 14 gold pieces.
The ufetubus closely misses something.
The ufetubus hits something but does no damage.
The ufetubus hits you but does no damage.
You block the ufetubus's attack. The ufetubus barely misses you.
You block the ufetubus's attack.
The hellwing swoops through the air toward you!
The hellwing hits you!
You die...

#............##'####...##...##..#
#.... #......##...##...##........
#....##......##...............(..
.................§§.§§§..........
.................§§§§§5§....!...[
.................§§§§§5§§........
#...###÷.##..##..###§§###....##.#
#+ ##..##..##..###§§###..$.# #
+.........4@5§§4§§.≈......
#.....<......§§§§§........
#...........§§§§§§§.......
#.############§§###..## #. #..#
..# .. ..... .!+ ... ...... .# ..
...$..


You could see a hellwing, a red devil and an ufetubus.

Vanquished Creatures
  Sigmund (D:4)
  A human (shapeshifter) (D:3)
  Duvessa (D:6)
  A black bear (D:6)
  A phantom (D:5)
  An ogre (D:5)
  2 bullfrogs (D:7)
  A water moccasin skeleton (D:5)
  A scorpion (D:3)
  A howler monkey (D:4)
  3 crimson imps
  3 hounds (D:6)
  3 orc priests
  A jelly (D:6)
  A centaur skeleton (D:4)
  Natasha (thrice) (D:2)
  Terence (D:2)
  An orc wizard (D:4)
  2 worker ants
  A killer bee zombie (D:6)
  A hound zombie (D:6)
  7 adders
  A gnoll (D:1)
  An ooze (D:3)
  2 adder skeletons
  4 worms
  4 dart slugs
  4 leopard geckos
  14 orcs
  2 ball pythons
  7 bats
  3 giant cockroaches
  8 goblins
  13 hobgoblins
  3 jackals (D:5)
  2 quokkas
  12 frilled lizards
  9 kobolds
  5 rats
132 creatures vanquished.

Vanquished Creatures (collateral kills)
  A bullfrog (D:6)
  Dowan (D:6)
  A hound skeleton (D:6)
3 creatures vanquished.

Grand Total: 135 creatures vanquished

Notes
Turn   | Place    | Note
-------+----------+-------------------------------------------
     0 | D:1      | FishyPogo the Demonspawn Chaos Knight began the quest for
                  | the Orb.
     0 | D:1      | Reached XP level 1. HP: 18/18 MP: 1/1
    29 | D:1      | Reached skill level 1 in Dodging
    35 | D:1      | Gained mutation: You have sharp toenails. [demonic
                  | ancestry]
    35 | D:1      | Reached XP level 2. HP: 22/24 MP: 2/2
   204 | D:1      | XOM: harmless Tloc miscast
   409 | D:1      | Gained mutation: You are partially covered in large bone
                  | plates. (SH +4) [demonic ancestry]
   409 | D:1      | Reached XP level 3. HP: 28/29 MP: 3/3
   750 | D:2      | XOM: harmless Conj miscast
   755 | D:2      | Found a faded altar of an unknown god.
   790 | D:2      | Gained mutation: You are mostly covered in large bone
                  | plates. (SH +6) [demonic ancestry]
   790 | D:2      | Reached XP level 4. HP: 32/36 MP: 4/4
   830 | D:2      | Noticed Natasha
   836 | D:2      | Killed Natasha
   855 | D:2      | Noticed Terence
   877 | D:2      | Killed Terence
   976 | D:2      | Noticed Natasha
   981 | D:2      | XOM: harmless Erth miscast
   990 | D:2      | Killed Natasha
   990 | D:2      | Gained mutation: You have razor-sharp toenails. [demonic
                  | ancestry]
   990 | D:2      | Reached XP level 5. HP: 18/42 MP: 5/5
  1113 | D:2      | Found a hazy altar of Hepliaklqana.
  1129 | D:2      | XOM: 1-stop teleportation journey
  1129 | D:2      | Noticed Natasha
  1136 | D:2      | Killed Natasha
  1136 | D:2      | Reached skill level 1 in Maces & Flails
  1210 | D:2      | Found a snail-covered altar of Cheibriados.
  1489 | D:2      | XOM: harmless Chrm miscast
  1637 | D:3      | Noticed a shapeshifter
  1637 | D:3      | a worm changed into a shapeshifter
  1637 | D:3      | Noticed a human
  1637 | D:3      | a shapeshifter changed into a human
  1641 | D:3      | Killed a human
  1641 | D:3      | Reached XP level 6. HP: 38/48 MP: 6/6
  1666 | D:3      | XOM: enchant monster (bad)
  2091 | D:4      | Found Neusemen's Antique Armour Emporium.
  2139 | D:4      | Gained mutation: You are completely covered in large bone
                  | plates. (SH +8) [demonic ancestry]
  2139 | D:4      | Reached XP level 7. HP: 55/55 MP: 7/7
  2350 | D:4      | Noticed Sigmund
  2409 | D:4      | Killed Sigmund
  2627 | D:4      | Found an opulent altar of Gozag.
  2766 | D:5      | Entered Level 5 of the Dungeon
  2992 | D:5      | XOM: divination: detect creatures
  3181 | D:5      | Reached skill level 5 in Fighting
  3308 | D:5      | Reached skill level 5 in Armour
  3311 | D:5      | XOM: potion effect (haste)
  3327 | D:5      | Reached XP level 8. HP: 51/62 MP: 8/8
  3401 | D:5      | XOM: harmless Chrm miscast
  3462 | D:5      | Found Ilaycysu's Book Shop.
  3624 | D:5      | XOM: harmless Erth miscast
  3803 | D:6      | Noticed Dowan
  3804 | D:6      | Noticed Duvessa
  3952 | D:6      | Found a runed translucent door.
  3953 | D:6      | Found a staircase to the Ecumenical Temple.
  3983 | D:6      | XOM: noise
  4013 | D:6      | Found a shimmering blue altar of Sif Muna.
  4064 | D:6      | XOM: cast spell 'Shadow Creatures'
  4071 | D:6      | Killed Duvessa
  4077 | D:6      | Killed Dowan
  4163 | D:6      | XOM: god gift: scroll labeled COTYET ICUSEKK {god gift}
  4398 | D:6      | XOM: harmless Tloc miscast
  4410 | D:6      | Found a runed translucent door.
  4415 | D:6      | Noticed H0rd4k's ghost (novice HuAr)
  4499 | D:7      | XOM: summons friendly iron imp
  4526 | D:7      | XOM: give mutation
  4526 | D:7      | Gained mutation: You are dopey. (Int -2) [Xom's mischief]
  4529 | D:7      | XOM: summons 4 hostile demons
  4530 | D:7      | Noticed a hellwing
  4530 | D:7      | Noticed a red devil
  4536 | D:7      | XOM: mild Air miscast
  4536 | D:7      | HP: 2/64 [hellwing[Xom] (5)]
  4541 | D:7      | Mangled by a hellwing

Levels and vault maps discovered:
D:1:      minmay_arrival_semitransparent, layout_rooms, minmay_lizard_pond
D:2:      layout_loops_ring, lemuel_doored_altar, kennysheep_slug_shrine,
          chequers_ecumenical_altar_island, minmay_goblin_kobold_house,
          uniq_natasha, uniq_terence
D:3:      layout_rooms, minmay_hedge_maze, minmay_guardbox
D:4:      layout_cave_pools, kennysheep_little_box, serial_shops, shop,
          minmay_vboxes, uniq_sigmund
D:5:      layout_basic, first_ration, serial_shops, shop, grunt_ministairs_15
D:6:      layout_cave_pools, lemuel_blue_sif_altar,
          minmay_temple_entry_large_hall, ebering_ghost_sewer_f, uniq_duvessa
D:7:      layout_gridville, basic_altar

Skill      XL: |  1  2  3  4  5  6  7  8 |
---------------+-------------------------+-----
Dodging        | 1 2 |  2.2
Short Blades   | 3 4 |  4.0
Armour         | 2 3 5 6 |  6.7
Maces & Flails | 2 3 4 |  4.9
Fighting       | 4 5 6 |  6.1
Stealth        | |  0.2

Action                   |  1- 3 |  4- 6 |  7- 9 || total
-------------------------+-------+-------+-------++-------
Melee: Short sword       |   113 |   158 |       ||   271
       Kick              |    17 |    46 |    45 ||   108
       Flail             |       |    28 |   174 ||   202
Throw: Stone             |       |     5 |       ||     5
       Dart              |       |       |    19 ||    19
  Use: Scroll            |       |     2 |     4 ||     6
 Stab: Confused          |       |     2 |       ||     2
       Sleeping          |       |     1 |       ||     1
  Eat: Chunk             |       |     4 |     8 ||    12
Armor: Leather armour    |    33 |    34 |    48 ||   115
Dodge: Dodged            |    50 |    71 |   104 ||   225
Block: Other             |     4 |    34 |    80 ||   118
